[Event "Sautron op 13th"]
[Site "Sautron"]
[Date "2013.10.27"]
[Round "2"]
[White "Migot, Tangi"]
[Black "Le Roux, Jean Pierre"]
[Result "1/2-1/2"]
[ECO "C67"]
[WhiteElo "2354"]
[BlackElo "2571"]
[Annotator "RR"]
[PlyCount "86"]
[EventDate "2013.10.26"]
[EventType "swiss"]
[EventRounds "9"]
[EventCountry "FRA"]
[SourceTitle "EXT 2016"]
[Source "ChessBase"]
[SourceDate "2015.10.08"]
[SourceVersion "1"]
[SourceVersionDate "2015.10.08"]
[SourceQuality "1"]
[TimeControl "40/5400+30:1800+30"]
[WhiteClock "1:30:00"]
[BlackClock "1:30:00"]

1. e4 e5 2. Nf3 Nc6 3. Bb5 Nf6 4. O-O Nxe4 5. Re1 (5. d4 Nd6 6. Bxc6 bxc6 (
6... dxc6 7. dxe5 Nf5 8. Qxd8+ Kxd8 9. h3 (9. Nc3 Ke8 10. Bf4 Be6 11. Rfd1 h6
12. h3 Be7 13. g4 $1 Nh4 14. Nxh4 Bxh4 15. Kg2 Be7 16. f3 Rd8 17. Ne2 $14 {
[%cal Ge2g3,Gg3f5,Gg3h5];Naiditsch,A (2715)-Wagner,D (2499) Grenke Chess
Classic 2nd 2014 (6) 1-0}) 9... Bd7 10. Rd1 Be7 11. Nc3 Kc8 12. Bg5 h6 13. Bxe7
Nxe7 14. Rd2 c5 15. Rad1 Be6 16. Ne1 Ng6 17. Nd3 b6 18. Ne2 Bxa2 19. b3 c4 20.
Ndc1 cxb3 21. cxb3 Bb1 22. f4 Kb7 23. Nc3 Bf5 24. g4 Bc8 25. Nd3 h5 {Anand,V 
(2775)-Carlsen,M (2870) World Championship 2013 (4) 1/2} (25... Ne7 $142 26. f5
Nc6 {Anand})) 7. dxe5 Nb7 8. Qe2 Be7 9. c4 O-O 10. Nc3 f6 11. Re1 fxe5 12. Qxe5
Bf6 13. Qg3 Nd6 14. c5 {Stellwagen,D (2635)-Erdos,V (2576) Bundesliga 1011
2010 (9.3) 1/2} (14. Bf4 Nf5 {Erdos})) 5... Nd6 6. Nxe5 Be7 {[%emt 0:00:18] La variante de Rio de Janeiro} 7. Bf1 (7. Bd3 $5) 7... Nxe5 (7... Nf5 8. c3 Nxe5 9. Rxe5 d6 10. Re1 O-O 11. d4 d5 12. Bf4 Bd6 13. Qf3 Nh4 14. Qg3 Nf5
$11 {Mastrovasilis,D (2604)-Hammer,J (2610) GRE-chT 39th 2011 (7.4) 1/2}) 8.
Rxe5 O-O 9. Nc3 Bf6 (9... Ne8 10. Nd5 Bd6 11. Re1 c6 12. Ne3 Bc7 13. Nf5 d5 14.
Ne7+ Kh8 15. Nxc8 Rxc8 16. g3 Nd6 17. Bh3 f5 18. d3 Qf6 19. c3 Rce8 20. Bd2 Nf7
21. Rxe8 Rxe8 22. Qf1 f4 23. Re1 Rf8 24. Qe2 h6 25. Kh1 Ng5 26. Bg4 Bd6 27. h4
Nh7 28. Kg2 Qg6 29. Bh5 Qf5 30. Bg4 Qg6 31. Bh5 Qf5 32. Bg4 Qg6 {1/2-1/2 (32)
Nakamura,H (2772)-Carlsen,M (2862) Saint Louis 2013}) 10. Re1 Re8 11. Nd5 Rxe1 12. Qxe1 b6 13. g3 Bb7 14. Bg2 Bxd5 $5 $146 (14... c6 15. Ne3 Qe7
16. d3 Nf5 17. c3 d5 18. Bd2 Nxe3 19. Qxe3 Qxe3 20. Bxe3 Ba6 21. d4 Re8 22. a4
h6 23. h4 Bc8 24. b4 Bf5 25. a5 b5 26. Re1 g5 27. hxg5 hxg5 28. f3 Bd8 29. Kf2
Bc7 30. Bd2 Rxe1 31. Bxe1 f6 32. Bd2 Kg7 33. Bf1 a6 34. Be2 Kf7 35. Be3 Kg7 36.
Bd2 Kf7 37. Be3 Kg7 38. Bd2 Kf7 {1/2-1/2 (38) Adams,M (2710)-Kramnik,V (2795)
London 2012}) 15. Bxd5 c6 $11 16. Bg2 Qf8 17. c3 Re8
$32 18. Qf1 Qe7 19. d3 Bg5 20. f4 Bf6 21. Bd2 Nb7 (21... Qe2
22. Qxe2 Rxe2 23. Rd1 $132 ) 22. Re1 Qd8 23. Bf3 Rxe1 24. Bxe1 d5 25. Qe2 Nd6 (25... Kf8) 26. Bf2 g6 27. Qc2 h5 28. Kg2 Kg7 29.
h3 Nf5 30. Qe2 Qd6 (30... Qe7) 31. g4 hxg4 32. hxg4 Nh4+ 33. Bxh4 Bxh4 34. Qe5+ {[%emt 0:01:07] Après l'échange des Q, le GMI aura du mal
à jouer pour le gain} Qxe5 35. fxe5 Bg5 36. c4 dxc4 37. dxc4 Bc1 38. b3 c5 39. Bd5 Bb2 40. e6 fxe6 41. Bxe6 Kf6 42. Bd7 Ke5 43. Kf3 Bc1 1/2-1/2

[Event "Paris FIDE GP"]
[Site "Elancourt"]
[Date "2013.09.29"]
[Round "7"]
[White "Dominguez Perez, Leinier"]
[Black "Bacrot, Etienne"]
[Result "1/2-1/2"]
[ECO "C67"]
[WhiteElo "2757"]
[BlackElo "2723"]
[Annotator "Ramirez Alvarez,A"]
[PlyCount "62"]
[EventDate "2013.09.22"]
[EventType "tourn"]
[EventRounds "11"]
[EventCountry "FRA"]
[EventCategory "20"]
[SourceTitle "CBM 157"]
[Source "ChessBase"]
[SourceDate "2013.11.12"]
[SourceVersion "1"]
[SourceVersionDate "2013.11.12"]
[SourceQuality "1"]
[TimeControl "40/7200:20/3600:900+30"]
[WhiteClock "2:00:00"]
[BlackClock "2:00:00"]

1. e4 e5 2. Nf3 Nc6 3. Bb5 Nf6 4. O-O Nxe4 5. d4 Nd6 6.
Bxc6 dxc6 7. dxe5 Nf5 8. Qxd8+ Kxd8 9. h3 Ke8 10. Nc3 h5 11.
Bf4 Be7 12. Rad1 Be6 (12... Nh4 13. Nxh4 Bxh4 14. Ne2 Bd7 15. Rfe1 Rd8 16. Nd4 Bc8
17. c3 Rd5 18. e6 Bf6 19. exf7+ Kxf7 20. Bxc7 g5 21. Nf3 Rxd1 22. Rxd1 Re8 23.
Nd2 b5 24. f3 Bf5 25. Kf2 Re7 26. Bd8 Rd7 27. Bxf6 Bc2 28. Rg1 Rxd2+ 29. Ke3
Rd5 30. Bh8 Kg8 31. c4 bxc4 32. Bc3 Kf7 33. Rc1 Bd3 34. h4 gxh4 35. Rh1 Rg5 36.
Kf2 Rd5 37. Rxh4 Ke6 38. Rh2 a5 39. Kg3 a4 40. a3 Rg5+ 41. Kh4 Rd5 42. Rh1 {
Adams,M (2740)-Andreikin,D (2727) Dortmund 2013 1-0 (64)}) 13. Ng5 Rh6 14. Rfe1 Bb4 15. g4 hxg4 16. hxg4 Ne7 17. Nxe6 Rxe6 18. Re3 $146 (18. Kg2
Bxc3 19. bxc3 Rd8 20. Rb1 b5 21. Kg3 Rd5 22. c4 Rc5 23. Re4 a6 24. Rb3 Ng6 25.
Ra3 f6 26. Rxa6 Nxf4 27. Kxf4 Rexe5 28. Rxe5+ fxe5+ 29. Kf5 Kf7 30. Ra7 g6+ 31.
Kg5 e4+ 32. Kh6 Rxc4 33. Rxc7+ Ke6 34. g5 Rxc2 35. Kxg6 Rxf2 36. Rxc6+ Kd5 37.
Rb6 Kc5 38. Re6 Kd4 39. Rd6+ Kc5 40. Re6 Kd4 41. Rd6+ Kc5 42. Re6 {1/2-1/2 (42)
Karjakin,S (2786)-Grischuk,A (2764) Moscow 2013}) 18... Rg6 19. Rg3 Bxc3 {[%emt 0:04:51] This Berlin defense went in
completely the wrong way for the Cuban. His structure was shattered in the
queenside early on while Black's pieces became active. With his kingside pawn
expanse blocked on the light squares and being saddled with a dark squared
bishop, it was only Black that had any hopes of being better. However Bacrot
seemed to think that White's position was solid enough and forced a repetition
in a position where maybe he could have at least played on for a few more
moves.} 20. bxc3 Rd8 21. Rxd8+ Kxd8 22. Kg2 c5 23. Bc1 Ra6 24. a3 Ra4 25. f4 g6 26. Rd3+ Ke8 27. Kf3 b6 28. Rd1 Rc4 29. Bd2 Ra4 30.
Bc1 Rc4 31. Bd2 Ra4 1/2-1/2